 Dungeon Crawl Stone Soup version 0.27-a0-1245-g940ed4fa31 (webtiles) character file.

Game seed: 2878516975631860630

23 trckry the Chucker (level 2, -4/25 HPs)
             Began as a Draconian Hunter on June 10, 2021.
             Slain by Sigmund
             ... wielding a +4 scythe of flaming
              (9 damage)
             ... on level 2 of the Dungeon.
             The game lasted 00:02:25 (1400 turns).

trckry the Chucker (Draconian Hunter)               Turns: 1400, Time: 00:02:26

Health: -4/25      AC:  4    Str: 14    XL:     2   Next: 72%
Magic:  2/2        EV: 12    Int: 11    God:
Gold:   12         SH:  0    Dex: 11    Spells: 1/1 levels left

rFire    . . .     SeeInvis .   a - +0 short sword
rCold    . . .     Faith    .   (no shield)
rNeg     . . .     Spirit   .   (armour unavailable)
rPois    .         Reflect  +   (helmet restricted)
rElec    .         Harm     .   (no cloak)
rCorr    .         Rampage  .   (no gloves)
Will     .....                  (no boots)
Stlth    +.........             f - amulet of reflection
HPRegen  0.08/turn              (no ring)
MPRegen  0.08/turn              (no ring)

@: confused
A: AC +4, unfitting armour, cold-blooded
a: no special abilities


You were on level 2 of the Dungeon.
You visited 1 branch of the dungeon, and saw 2 of its levels.

You collected 12 gold pieces.

Inventory:

Hand Weapons
 a - a +0 short sword (weapon)
Missiles
 b - 6 javelins (quivered)
Jewellery
 f - an amulet of reflection (around neck)
Scrolls
 e - a scroll of identify {unknown}
 g - 4 scrolls of holy word {unknown}
 h - a scroll of noise {unknown}
Potions
 d - a potion of attraction {unknown}


   Skills:
 + Level 2.8 Fighting
 + Level 3.9 Throwing
 + Level 2.2 Dodging
 - Level 0.8 Stealth


You had one spell level left.
You didn't know any spells.
Your spell library was empty.

Dungeon Overview and Level Annotations

Branches:
Dungeon (2/15)

Altars:

Annotations:
D:2 Sigmund


Innate Abilities, Weirdness & Mutations

Your plain brown scales are hard. (AC +4)
You cannot fit into any form of body armour.
You are cold-blooded and may be slowed by cold attacks.


Message History

Throw: throwing net
Press: ? - help, Q - select action, (/) - cycle Shift-Dir - straight line, f/p - Sigmund
Aim: Sigmund, wielding a +4 scythe of flaming and wearing a +2 robe of positive energy (53% to hit)
You throw a throwing net. The throwing net hits Sigmund.
Sigmund is caught in the net!
Sigmund struggles against the net.
Sigmund struggles against the net.
You hit Sigmund. You tail-slap Sigmund.
Sigmund is moderately wounded.
Sigmund struggles against the net.
You hit Sigmund.
Sigmund is moderately wounded.
Sigmund mumbles some strange words.
Sigmund flickers and vanishes!
Deactivating autopickup; reactivate with Ctrl-A.
Something wriggles in the net.
You barely miss something. You hit something. You tail-slap something.
Something wriggles in the net.
You hit something but do no damage.
Something wriggles in the net.
You hear some strange, mumbled words.
You are confused.
Something wriggles in the net.
All of a sudden the net rips apart!
You bump into the rock wall.
You hit something.
You hear some strange, mumbled words.
Something tries to affect you, but you resist.
You bump into the rock wall.
Something hits you. Something burns you.
You take 3 damage, and have 21/25 hp.
You hit something but do no damage.
You hear some strange, mumbled words.
You are more confused.
You miss something. Something barely misses you.
You closely miss something. Something hits you!
Ouch! That really hurt!
* * * LOW HITPOINT WARNING * * *
Something burns you.
* * * LOW HITPOINT WARNING * * *
You take 16 damage, and have 5/25 hp.
MASSIVE DAMAGE!!
Something hits you!
You die...

### .. .#
#.#######.######
#.....@.{....(.#
#########.####.#
.# .# .# .. ##


There were no monsters in sight!

Vanquished Creatures
  3 endoplasms (D:1)
  4 giant cockroaches (D:1)
  2 goblins (D:1)
  3 kobolds (D:1)
  A quokka (D:1)
  3 ball pythons (D:1)
  A bat (D:1)
  A frilled lizard (D:1)
  2 rats (D:1)
20 creatures vanquished.

Notes
Turn   | Place    | Note
-------+----------+-------------------------------------------
     0 | D:1      | trckry the Draconian Hunter began the quest for the Orb.
     0 | D:1      | Reached XP level 1. HP: 17/17 MP: 1/1
   212 | D:1      | Found a faded altar of an unknown god.
   319 | D:1      | Reached XP level 2. HP: 20/25 MP: 2/2
  1381 | D:2      | Noticed Sigmund
  1400 | D:2      | Slain by Sigmund

Illustrated notes

Levels and vault maps discovered:
D:1:      amcnicky_arrival_choice, layout_basic,
          shapermc_ecumenical_altar_starsandcircs
D:2:      layout_loops_ring, kennysheep_generic_room_11, uniq_sigmund

Skill      XL: |  1 |
---------------+----+-----
Dodging        | 2 |  2.2
Fighting       | |  2.8
Throwing       | |  3.9
Stealth        | |  0.8

Action                   || total
-------------------------++-------
Melee: Short sword       ||    83
       Tailslap          ||     9
Throw: Throwing net      ||     2
 Stab: Sleeping          ||     2
Armor: Skin              ||    21
Dodge: Dodged            ||    38
Block: Other             ||    17
       Reflection        ||     1

Table legend: (Time is in decaauts)
 A = Elapsed time spent in this place.
 B = Non-inter-level travel time spent in this place.
 C = Inter-level travel time spent in this place.
 D = Time resting spent in this place.
 E = Time spent auto-exploring this place.
 F = Levels seen in this place.
 G = Mean time per level.
                   A        B        C        D        E       F      G
               +--------+--------+--------+--------+--------+-----+--------+
         Total |   1407 |   1337 |     70 |      0 |   1148 |   2 |  703.5 |
       Dungeon |   1407 |   1337 |     70 |      0 |   1148 |   2 |  703.5 |
               +--------+--------+--------+--------+--------+-----+--------+

Top non-repeatable levels by time:
     D:1: 1386 daAuts
     D:2: 21 daAuts
